 Dungeon Crawl Stone Soup version 0.29.1-1-gd02db6906a (webtiles) character file.

Game seed: 10302285227207299782

67 keekatzer the Sneak (level 4, 0/26 HPs)
             Began as a Kobold Enchanter on Sept 24, 2022.
             Succumbed to an adder's poison
             ... on level 1 of the Dungeon.
             The game lasted 00:08:20 (1776 turns).

keekatzer the Sneak (Kobold Enchanter)              Turns: 1776, Time: 00:08:20

Health: 0/26       AC:  2    Str:  5    XL:     4   Next: 38%
Magic:  2/7        EV: 15    Int: 16    God:
Gold:   55         SH:  0    Dex: 17    Spells: 3/8 levels left

rFire   . . .      SeeInvis .   a - +1 dagger
rCold   . . .      Faith    .   (no shield)
rNeg    + . .      Spirit   .   b - +0 robe
rPois   .          Reflect  .   (no helmet)
rElec   .          Harm     .   (no cloak)
rCorr   .          Rampage  .   (no gloves)
Will    .....                   (no boots)
Stlth   ++++......              (no amulet)
HPRegen 0.08/turn               g - ring of positive energy
MPRegen 0.10/turn               (no ring)

@: lethally poisoned (0 -> -3), attractive
A: small, no large weapons, nightstalker 3
a: no special abilities


You were on level 1 of the Dungeon.
You visited 1 branch of the dungeon, and saw 2 of its levels.

You collected 55 gold pieces.

Inventory:

Hand Weapons
 a - a +1 dagger (weapon)
 l - a +0 rapier
Armour
 b - a +0 robe (worn)
 h - a +0 ring mail of fire resistance
 k - a +0 leather armour
Jewellery
 g - a ring of positive energy (left hand)
Scrolls
 d - a scroll of teleportation {unknown}
 e - a scroll of vulnerability {unknown}
 j - a scroll of enchant weapon {unknown}
Potions
 c - 2 potions of invisibility


   Skills:
 + Level 2.1 Fighting
 - Level 1.3 Short Blades
 + Level 2.7 Dodging
 + Level 4.3 Stealth
 * Level 2.5 Spellcasting
 * Level 3.4 Hexes
 * Level 1.1 Ice Magic


You had 3 spell levels left.
You knew the following spells:

 Your Spells              Type           Power      Damage    Failure   Level
a - Ensorcelled Hibernat  Hex/Ice        18%        N/A       12%         2
b - Confusing Touch       Hex            13%        N/A       14%         3

Your spell library contained the following spells:

 Spells                   Type           Power      Damage    Failure   Level
 Tukima's Dance           Hex            13%        N/A       14%         3
 Dazzling Flash           Conj/Hex       14%        N/A       28%         3
 Gell's Gravitas          Tloc           2%         N/A       52%         3
 Teleport Other           Tloc           2%         N/A       52%         3
 Dispersal                Tloc           1%         N/A       100%        6


Dungeon Overview and Level Annotations

Branches:
Dungeon (2/15)

Altars:
Kikubaaqudgha


Innate Abilities, Weirdness & Mutations

You are small and have problems with some larger weapons.
You are completely attuned to the shadows.


Message History

The adder is lightly wounded.
You feel sick. The adder bites you.
* * * LOW HITPOINT WARNING * * *
The adder bites you.
* * * LOW HITPOINT WARNING * * *
You barely miss the adder.
The adder is lightly wounded.
You feel sick. The adder barely misses you.
You hit the adder but do no damage.
The adder is lightly wounded.
You feel sick. The adder bites you.
* * * LOW HITPOINT WARNING * * *
It was a potion of curing.
You feel better. The adder barely misses you.
You hit the adder but do no damage.
The adder is lightly wounded.
The adder closely misses you. The adder misses you.
You hit the adder.
The adder is heavily wounded.
The adder bites you but does no damage.
You barely miss the adder.
The adder is heavily wounded.
The adder misses you.
You hit the adder.
The adder is severely wounded.
The adder bites you.
* * * LOW HITPOINT WARNING * * *
You are lethally poisoned!
The adder poisons you!
You hit the adder.
The adder is almost dead.
* * * LOW HITPOINT WARNING * * *
You feel sick. The adder bites you.
* * * LOW HITPOINT WARNING * * *
You hit the adder.
You kill the adder!
It was a potion of attraction.
You feel attractive to monsters.
* * * LOW HITPOINT WARNING * * *
You feel sick.
You die...

########### #.........#
#.#######.# #.#######@#
#.......#.# ##########
############.#.#######.........
#..............#...............
#.#######......#...............
#.# #......#............... #.#
###...#..................
#.#####..............†.........
###..............................


There were no monsters in sight!

Vanquished Creatures
  3 adders
  A dart slug (D:1)
  6 ball pythons
  5 endoplasms
  A goblin (D:2)
  2 hobgoblins
  3 jackals (D:2)
  3 kobolds
  3 quokkas
  4 bats
  3 frilled lizards
  2 rats (D:2)
36 creatures vanquished.

Notes
Turn   | Place    | Note
-------+----------+-------------------------------------------
     0 | D:1      | keekatzer the Kobold Enchanter began the quest for the Orb.
     0 | D:1      | Reached XP level 1. HP: 10/10 MP: 3/3
    96 | D:1      | Reached skill level 1 in Fighting
   247 | D:1      | Reached XP level 2. HP: 16/16 MP: 5/5
   257 | D:1      | Learned a level 2 spell: Ensorcelled Hibernation
   798 | D:1      | Reached XP level 3. HP: 14/21 MP: 6/6
   802 | D:1      | Learned a level 3 spell: Confusing Touch
  1045 | D:2      | Found an ancient bone altar of Kikubaaqudgha.
  1367 | D:2      | Reached XP level 4. HP: 24/26 MP: 4/7
  1748 | D:2      | Reached skill level 1 in Ice Magic
  1775 | D:1      | HP: 1/26 [poisoned by an adder]
  1776 | D:1      | Succumbed to an adder's poison

Illustrated notes

Levels and vault maps discovered:
D:1:      dpeg_arrival_arbitrary_a, layout_basic, kennysheep_another_room
D:2:      layout_basic, basic_altar

Skill      XL: |  1  2  3  4 |
---------------+-------------+-----
Fighting       | 1 2 |  2.1
Ice Magic      | 1 |  1.1
Short Blades   | |  1.3
Dodging        | |  2.7
Stealth        | |  4.3
Spellcasting   | |  2.5
Hexes          | |  3.4

Action                   |  1- 3 |  4- 6 || total
-------------------------+-------+-------++-------
Melee: Dagger            |    80 |    28 ||   108
       Punch             |     1 |       ||     1
 Cast: Ensorcelled Hiber |     9 |     5 ||    14
  Use: Potion            |       |     2 ||     2
 Stab: Sleeping          |    13 |     4 ||    17
Armor: Robe              |     9 |     4 ||    13
Dodge: Dodged            |    63 |    27 ||    90
